 Dungeon Crawl Stone Soup version 0.22.0-16-gc6d26f69f9 (webtiles) character file.

4865 Peloso the Carver (level 10, 0/86 HPs)
             Began as a Minotaur Fighter on Aug 18, 2018.
             Was an Elder of Okawaru.
             Slain by an unseen horror (3 damage)
             ... on level 9 of the Dungeon.
             The game lasted 00:21:09 (7573 turns).

Peloso the Carver (Minotaur Fighter)                Turns: 7573, Time: 00:21:10

Health: 0/86       AC: 15    Str: 30    XL:     10   Next: 26%
Magic:  7/9        EV: 13    Int:  5    God:    Okawaru [****..]
Gold:   437        SH: 16    Dex: 12    Spells: 9/9 levels left

rFire    + . .     SeeInvis .   a - +2 long sword
rCold    . . .     Gourm    +   c - +1 shield
rNeg     . . .     Faith    .   g - +0 chain mail {rF+}
rPois    .         Spirit   .   (helmet restricted)
rElec    .         Reflect  .   A - +1 cloak
rCorr    .         Harm     .   (no gloves)
MR       .....                  (no boots)
Stlth    ..........             r - amulet of the gourmand
HPRegen  0.24/turn              j - +3 ring of strength
MPRegen  0.11/turn              (no ring)

@: mighty, heroism, drained
A: retaliatory headbutt, horns 2
a: Heroism, Renounce Religion


You were on level 9 of the Dungeon.
You worshipped Okawaru.
Okawaru was greatly pleased with you.
You were completely stuffed.

You visited 1 branch of the dungeon, and saw 9 of its levels.

You collected 437 gold pieces.

Inventory:

Hand Weapons
 a - a +2 long sword (weapon)
Armour
 c - a +1 shield (worn)
 g - a +0 chain mail of fire resistance (worn)
 A - a +1 cloak (worn)
Jewellery
 j - a +3 ring of strength (left hand)
 m - an uncursed amulet of regeneration
 r - an amulet of the gourmand (around neck)
 w - an uncursed amulet of magic regeneration
Wands
 o - a wand of digging (6)
Scrolls
 b - a scroll of enchant armour
 k - a scroll of immolation {unknown}
 l - 2 scrolls of fog
 t - 2 scrolls of remove curse
 u - a scroll of blinking
 x - a scroll of holy word {unknown}
 y - 2 scrolls of magic mapping
Potions
 d - a potion of might
 e - a potion of flight
 n - a potion of agility {unknown}
 p - a potion of cancellation
 q - 2 potions of mutation
 s - 2 potions of brilliance {unknown}
 v - 3 potions of berserk rage {unknown}
Comestibles
 f - 19 rations


   Skills:
 + Level 7.5(12.4) Fighting
 + Level 10.8(15.7) Long Blades
 + Level 9.0(14.0) Armour
 + Level 3.3(8.2) Dodging
 + Level 0.7(5.7) Stealth
 + Level 10.0(14.9) Shields


You had 9 spell levels left.
You didn't know any spells.
Your spell library contained the following spells:

 Spells                   Type           Power        Failure   Level  Hunger
 Magic Dart               Conj           #...         87%         1    ##.....
 Apportation              Tloc           #.....       87%         1    ##.....
 Conjure Flame            Conj/Fire      #.......     99%         3    ####...
 Slow                     Hex            #.......     95%         2    ###....
 Invisibility             Hex            #.......     100%        6    #######
 Mephitic Cloud           Conj/Pois/Air  #.......     99%         3    ####...
 Blink                    Tloc           N/A          95%         2    ###....
 Call Imp                 Summ           #.......     95%         2    ###....
 Tukima's Dance           Hex            #.......     99%         3    ####...
 Summon Butterflies       Summ           #.......     87%         1    ##.....
 Alistair's Intoxication  Tmut/Pois      #.......     100%        5    ######.
 Lesser Beckoning         Tloc           #.........   99%         3    ####...


Dungeon Overview and Level Annotations

Branches:
Dungeon (9/15)             Temple (0/1) D:6
   Lair: D:8-11         Orc: D:9-12

Altars:
Cheibriados
Elyvilon
Fedhas
Gozag
Makhleb
Okawaru
Ru
Sif Muna
Uskayaw
Vehumet
Wu Jian
Yredelemnul
The Shining One

Shops:
D:8 %

Annotations:
D:8 Prince Ribbit
D:9 1 transporter


Innate Abilities, Weirdness & Mutations

You reflexively headbutt those who attack you in melee.
You have a pair of horns on your head.


Message History

You closely miss something. Something hits you!
* * * LOW HITPOINT WARNING * * *
Unknown command.
Okay, then.
As you read the scroll of fog, it crumbles to dust.
The scroll dissolves into smoke.
Something hits you but does no damage. x2
You closely miss something. You headbutt something!
Something hits you but does no damage.
Unknown command.
You closely miss something. Your headbutt misses something. Something hits you.
* * * LOW HITPOINT WARNING * * *
Unknown command.
You gain the combat prowess of a mighty hero.
Something hits you but does no damage.
You barely miss something. Your headbutt misses something. Something hits you.
* * * LOW HITPOINT WARNING * * *
Something barely misses you.
You feel very mighty all of a sudden. Something hits you.
You die...

.........# ###########....
.........#......#..............
.........#......#...........©..
.........#......#.......#######
.........#......#....(..#8P$©$P
.........#......#.......#≈.$)).
.........#.....§#§§.....####+##
.........#....§§#§§.....#o≈...≈
######'###....§§@{§.....#K≈...≈
.......)......§§#§§.....#K≈≈≈≈≈
.......)......§§#§§.....#o≈≈⌠≈≈
................#.......#.≈≈≈≈≈
................#.......#.≈...≈
......)[).......#.......#.≈...≈
...)..<)........#.......####+##
................#.......#P././.
................#.......#8P.©.P


There were no monsters in sight!

Vanquished Creatures
  Pikel (D:8)
  Maurice (D:8)
  Grinder (D:6)
  A hornet (D:8)
  A hippogriff (D:8)
  Edmund (D:6)
  An orc warrior (D:8)
  4 sky beasts
  An eye of draining (D:8)
  2 ice beasts
  A necrophage (D:9)
  5 ogres
  2 centaurs
  2 bullfrogs
  A scorpion (D:6)
  5 killer bees (D:8)
  9 wights
  A howler monkey (D:8)
  6 crimson imps
  2 bullfrog zombies
  An orc priest (D:8)
  3 hounds
  2 jellies
  An iron imp (D:7)
  6 orc wizards
  4 iguanas
  4 worker ants
  A worker ant zombie (D:8)
  8 gnolls
  9 adders
  2 shadow imps
  2 oozes
  An adder zombie (D:5)
  2 adder skeletons (D:4)
  4 worms
  2 dart slugs
  A leopard gecko (D:1)
  20 orcs
  A ball python (D:2)
  7 giant cockroaches
  9 goblins
  9 hobgoblins
  18 jackals
  2 quokkas
  8 bats
  3 frilled lizards
  A jackal zombie (D:6)
  8 kobolds
  A leopard gecko skeleton (D:6)
  7 rats
  A spectral orc (D:5)
196 creatures vanquished.

Vanquished Creatures (others)
  3 slaves (D:8)
  A killer bee (D:8)
  An orc wizard (D:4)
  2 orcs (D:4)
7 creatures vanquished.

Grand Total: 203 creatures vanquished

Notes
Turn   | Place    | Note
-------+----------+-------------------------------------------
     0 | D:1      | Peloso the Minotaur Fighter began the quest for the Orb.
     0 | D:1      | Reached XP level 1. HP: 19/19 MP: 0/0
    76 | D:1      | Reached XP level 2. HP: 27/27 MP: 1/1
   503 | D:1      | Reached XP level 3. HP: 32/33 MP: 2/2
  1512 | D:3      | Found an opulent altar of Gozag.
  1524 | D:3      | Reached XP level 4. HP: 34/40 MP: 3/3
  1538 | D:3      | Found a hide-covered altar of Uskayaw.
  1538 | D:3      | Found a deep blue altar of Sif Muna.
  1540 | D:3      | Found an ornate altar of the Wu Jian Council.
  1540 | D:3      | Found a sacrificial altar of Ru.
  1760 | D:3      | Found a glowing golden altar of the Shining One.
  1849 | D:3      | Reached XP level 5. HP: 35/46 MP: 4/4
  1906 | D:3      | Reached skill level 1 in Dodging
  2032 | D:3      | Reached skill level 5 in Shields
  2283 | D:4      | Reached skill level 5 in Armour
  2317 | D:4      | Reached XP level 6. HP: 52/52 MP: 5/5
  2375 | D:4      | Found a blossoming altar of Fedhas.
  2421 | D:4      | Reached skill level 5 in Long Blades
  2483 | D:4      | Found a white marble altar of Elyvilon.
  2687 | D:4      | Found an iron altar of Okawaru.
  2690 | D:4      | Became a worshipper of Warmaster Okawaru
  2716 | D:5      | Entered Level 5 of the Dungeon
  2940 | D:5      | Found a radiant altar of Vehumet.
  3136 | D:5      | Found a basalt altar of Yredelemnul.
  3529 | D:6      | Reached XP level 7. HP: 50/60 MP: 6/6
  3615 | D:6      | Noticed Grinder
  3632 | D:6      | Paralysed by Grinder for 6 turns
  3644 | D:6      | Killed Grinder
  3803 | D:6      | Reached * piety under Okawaru
  3878 | D:6      | Reached skill level 5 in Fighting
  3909 | D:6      | Reached XP level 8. HP: 33/68 MP: 7/7
  4206 | D:6      | Noticed Edmund
  4236 | D:6      | Killed Edmund
  4423 | D:6      | Found a staircase to the Ecumenical Temple.
  4902 | D:7      | Reached ** piety under Okawaru
  5104 | D:7      | Found a burning altar of Makhleb.
  5275 | D:7      | Found a snail-covered altar of Cheibriados.
  5283 | D:7      | Reached XP level 9. HP: 75/75 MP: 8/8
  5784 | D:8      | Reached *** piety under Okawaru
  6006 | D:8      | Noticed Pikel
  6030 | D:8      | Killed Pikel
  6106 | D:8      | Found Cerphun's Food Boutique.
  6165 | D:8      | Noticed Maurice
  6236 | D:8      | Killed Maurice
  6236 | D:8      | Reached skill level 10 in Long Blades
  6240 | D:8      | Reached **** piety under Okawaru
  6274 | D:8      | Noticed Prince Ribbit
  6296 | D:8      | Received a gift from Okawaru
  6298 | D:8      | Paralysed by a hornet for 2 turns
  6301 | D:8      | Reached XP level 10. HP: 31/86 MP: 1/9
  7256 | D:9      | Reached skill level 10 in Shields
  7524 | D:9      | Found a transporter.
  7572 | D:9      | HP: 3/86 [something (4)]
  7573 | D:9      | Slain by an unseen horror

Skill      XL: |  1  2  3  4  5  6  7  8  9 10 |
---------------+-------------------------------+-----
Armour         | 4 5 6 7 8 9 |  9.0
Long Blades    | 3 4 5 6 8 10 | 10.8
Shields        | 4 5 6 7 8 9 10 | 10.0
Fighting       | 4 5 7 |  7.5
Dodging        | 1 2 3 |  3.3
Stealth        | |  0.7

Action                   |  1- 3 |  4- 6 |  7- 9 | 10-12 || total
-------------------------+-------+-------+-------+-------++-------
Melee: Long sword        |    99 |   174 |   289 |   114 ||   676
       Headbutt          |    15 |    39 |    69 |    24 ||   147
Invok: Heroism           |       |       |       |     1 ||     1
  Use: Scroll            |     1 |     1 |    14 |     2 ||    18
       Potion            |       |       |     1 |     2 ||     3
  Eat: Ration            |     1 |       |       |       ||     1
       Chunk             |       |    20 |    17 |     4 ||    41
Armor: Scale mail        |    11 |       |       |       ||    11
       Chain mail        |    53 |    73 |   112 |    62 ||   300
Dodge: Dodged            |    25 |    34 |    69 |    24 ||   152
Block: Shield            |    58 |   105 |   152 |    72 ||   387
       Rpst.: Long sword |     6 |     7 |    14 |     4 ||    31
